Cogmind - Beta 14 @@@ ROGUE MODE // 2024.09.24 @ 20:28:01 Player: Pitt Result: Destroyed by D-53 Grenadier with Mini Grenade Launcher Performance ------------- Evolutions (2) 1000 Regions Visited (5) 1000 Robots Destroyed (32) 160 Value Destroyed (877) 877 Prototype IDs (0) 0 Alien Tech Used (0) 0 Bonus (700) 700 TOTAL SCORE: 3737 Bonus ------- Entered Garrisons 200 Used RIF Installer 500 Cogmind --------- Core Integrity 0/550 Matter 295/300 Energy 100/100 System Corruption 26% Temperature Cool (9) Movement Core (200) Ox3 Location -8/Garrison Parts ------- > --- POWER (1) -------- (None) > --- PROPULSION (4) --- (None) > --- UTILITY (4) ------ Medium Storage Unit Terrain Scan Processor > --- WEAPON (2) ------- (None) > --- INVENTORY (10) --- Flight Unit Flight Unit Flight Unit Small Storage Unit ECM Suite ECM Suite Datajack Heavy Hammer Peak State ------------ > --- POWER ------------ Light Deuterium Engine > --- PROPULSION ------- VTOL Module VTOL Module VTOL Module Cesium-ion Thruster > --- UTILITY ---------- Medium Storage Unit Improved Terrain Scanner Terrain Scan Processor > --- WEAPON ----------- Heavy Hammer Heavy Hammer > --- INVENTORY -------- Light Nuclear Core Flight Unit Flight Unit Flight Unit Small Storage Unit ECM Suite ECM Suite EM Pulse Cannon Datajack [Rating: 23] Favorites ----------- Power Light Ion Engine Engine Light Ion Engine Power Core Light Nuclear Core Propulsion VTOL Module Leg Aluminum Leg Wheel Wheel Flight Unit VTOL Module Utility Improved Terrain Scanner Device Improved Terrain Scanner Storage Small Storage Unit Processor Terrain Scan Processor Weapon Small Laser Energy Gun Small Laser Energy Cannon EM Pulse Cannon Ballistic Gun Light Assault Rifle Special Weapon Mining Laser Impact Weapon Heavy Hammer Special Melee Weapon Datajack Build | -11 -10 -9 -9 -8 -8 ------- Run | Yrd Mat Mat Min Mat Gar Slots Evolved 4 | . . 2 . 2 . Power . | . . . . . . Propulsion 2 | . . 2 . . . Utility 2 | . . . . 2 . Weapon . | . . . . . . Parts Attached 44 | 7 11 6 3 13 4 Power 9 | 1 3 2 . 1 2 Engine 6 | 1 2 1 . 1 1 Core 3 | . 1 1 . . 1 Reactor . | . . . . . . Propulsion 14 | 2 2 4 1 4 1 Treads . | . . . . . . Leg 3 | . 2 . . . 1 Wheel 2 | 2 . . . . . Hover . | . . . . . . Flight 9 | . . 4 1 4 . Utility 9 | 2 3 . 2 2 . Device 5 | 1 2 . 1 1 . Storage 2 | 1 1 . . . . Processor 2 | . . . 1 1 . Hackware . | . . . . . . Protection . | . . . . . . Artifact . | . . . . . . Weapon 12 | 2 3 . . 6 1 Energy Gun 3 | 1 1 . . 1 . Energy Cannon 2 | . . . . 1 1 Ballistic Gun 1 | 1 . . . . . Ballistic Cannon . | . . . . . . Launcher . | . . . . . . Special Weapon 2 | . 2 . . . . Impact Weapon 2 | . . . . 2 . Slashing Weapon . | . . . . . . Piercing Weapon . | . . . . . . Special Melee Weapon 2 | . . . . 2 . Unidentified Prototypes . | . . . . . . Corrupted Parts 3 | . . . . 1 2 System Corruption 26 | . . . . 2 24 Parts Lost 17 | . 4 1 . 3 9 Power 3 | . . . . . 3 Propulsion 8 | . 2 . . 3 3 Utility 1 | . . . . . 1 Weapon 5 | . 2 1 . . 2 Highest Loss Streak 3 | . 3 1 . 2 3 To Critical Strikes . | . . . . . . Average Slot Usage (%) 89 | . 97 100 88 71 55 Engine 10 | . 12 10 11 9 2 Core 1 | . 1 1 . . 4 Leg 3 | . 3 . . . 6 Wheel 16 | . 23 . . . . Flight 7 | . . 44 44 30 9 Device 11 | . 14 11 7 8 1 Storage 12 | . 14 11 11 9 9 Processor 1 | . . . 3 4 9 Energy Gun 10 | . 13 11 11 . . Ballistic Gun 6 | . 8 . . . . Special Weapon 2 | . 3 11 . . . Impact Weapon 2 | . . . . 6 12 Peak Build Rating 23 | 9 12 17 15 23 18 Average Rating 10 | 6 9 15 13 17 14 On Entrance 10 | . 9 10 15 13 18 Naked Turns . | . . . . . . Heaviest Build 26 | 11 18 18 15 22 26 Greatest Support 26 | 26 26 16 16 17 18 Greatest Overweight (x) 8 | . . 1 . 7 8 Average Overweight (x) . | . . . . . . Largest Inventory Capacity 10 | 8 10 10 10 10 10 Average Capacity 8 | 7 8 10 10 10 10 Most Carried 10 | 6 10 9 9 10 9 Average Carried 7 | 2 7 6 8 9 8 Final Capacity 10 | 8 10 10 10 10 10 Final Carried 10 | 6 10 8 8 9 8 Class Distribution -------------------- 80% | Mutant 8% | Scavenger-Mutant 5% | Sprinter 4% | Scavenger-Sprinter Dominant Class ---------------- Mutant | -10/Materials Scavenger-Sprinter | -9/Materials Sprinter | -9/Mines Mutant | -8/Materials Mutant | -8/Garrison Resources | -11 -10 -9 -9 -8 -8 ----------- Run | Yrd Mat Mat Min Mat Gar Matter Collected 602 | 204 174 . 55 150 19 Remotely . | . . . . . . Salvage Created 1138 | 121 257 20 . 360 380 Parts 57 | 10 25 3 . 13 6 Haulers Intercepted 1 | . . . . 1 . Recyclers Shooed 1 | 1 . . . . . Parts Field Recycled . | . . . . . . Retrieved Matter . | . . . . . . Parts Self-Destructed . | . . . . . . Prevented . | . . . . . . Kills | -11 -10 -9 -9 -8 -8 ------- Run | Yrd Mat Mat Min Mat Gar Combat Hostiles Destroyed 23 | . 8 . . 7 8 Melee 6 | . . . . 3 3 Guns 8 | . 8 . . . . Cannons 3 | . . . . 3 . Classes Destroyed 12 | 3 3 1 . 3 2 Worker 1 | 1 . . . . . Builder 1 | . . 1 . . . Tunneler 3 | 2 1 . . . . Hauler 1 | . . . . 1 . Recycler 1 | 1 . . . . . Mechanic 1 | . . . . 1 . Operator 1 | . 1 . . . . Swarmer 7 | . 4 . . 3 . Grunt 11 | . 4 . . 2 5 Brawler 1 | . . . . . 1 Sentry 2 | . . . . 2 . Specialist 2 | . . . . . 2 Best Kill Streak 4 | 3 3 1 . 3 4 Combat Bots Only 4 | . 3 . . 3 4 Max Kills in Single Turn 2 | 2 1 1 . 1 1 Gunslinging . | . . . . . . Exploded . | . . . . . . Melee 1 | . . . . 1 1 Uniques/NPCs Destroyed . | . . . . . . Combat | -11 -10 -9 -9 -8 -8 -------- Run | Yrd Mat Mat Min Mat Gar Hostile Shots Fired 188 | . 60 14 10 30 74 Missed 50 | . 17 7 7 6 13 Damage Taken 2262 | . 534 154 32 326 1216 Core 779 | . 185 30 . 124 440 Absorbed by Shields . | . . . . . . Regen/Repaired (Parts) 16 | . . . . 16 . Core Remaining (%) 72 | 100 26 . 92 . . Volleys Fired 86 | 17 56 2 . 10 1 Largest 2 | 2 2 1 . 1 1 Hottest 100 | 60 100 100 . 63 63 Shots Fired 107 | 32 62 2 . 10 1 Gun 90 | 32 56 1 . 1 . Cannon 10 | . . . . 9 1 Launcher . | . . . . . . Special 7 | . 6 1 . . . Kinetic 23 | 17 6 . . . . Thermal 74 | 15 56 2 . 1 . Explosive . | . . . . . . Electromagnetic 10 | . . . . 9 1 Robot Hit Streak 8 | 3 8 4 . 3 4 Robot Miss Streak 7 | 3 7 . . 2 . Penetration Max . | . . . . . . Secondary Targets 1 | . 1 . . . . Max Gunslinging Chain 1 | . 1 . . . . Shots Hit Robots 93 | 13 35 1 . 24 20 Core Hits 33 | 6 18 1 . 6 2 Critical Kills 2 | . . . . 2 . Critical Parts Destroyed 10 | . . . . 4 6 Critical Strikes 13 | . . . . 6 7 Smash 13 | . . . . 6 7 Melee Attacks 48 | . . . . 19 29 Impact 45 | . . . . 16 29 Slashing . | . . . . . . Piercing . | . . . . . . Sneak Attacks 5 | . . . . 5 . Combat Hostiles . | . . . . . . Follow-up Attacks 3 | . . . . 2 1 Damage Inflicted 1941 | 169 382 12 . 688 690 Guns 562 | 169 381 12 . . . Cannons 159 | . . . . 137 22 Explosions . | . . . . . . Melee 1219 | . . . . 551 668 Ramming 1 | . 1 . . . . Kinetic 88 | 75 13 . . . . Thermal 474 | 94 368 12 . . . Explosive . | . . . . . . Electromagnetic 159 | . . . . 137 22 Impact 1219 | . . . . 551 668 Slashing . | . . . . . . Piercing . | . . . . . . Highest Corruption 26 | . . . . 2 26 Average Corruption 7 | . . . . 2 11 Corruption Purged . | . . . . . . Corruption Blocked . | . . . . . . Effects 14 | . . . . 3 11 Message Errors 3 | . . . . . 3 Matter Fused 2 | . . . . . 2 Heat Flow Errors 4 | . . . . 2 2 Energy Discharges 3 | . . . . 1 2 Data Loss (minor) 1 | . . . . . 1 Data Loss (major) 1 | . . . . . 1 Overload Shots . | . . . . . . Overflow Damage 339 | . . . . 155 184 Projectiles . | . . . . . . Explosions . | . . . . . . Melee 339 | . . . . 155 184 Knockbacks 1 | . . . . . 1 Impact 1 | . . . . . 1 Kinetic . | . . . . . . Secondary . | . . . . . . Self-Inflicted Damage . | . . . . . . Shots . | . . . . . . Rammed 1 | . 1 . . . . Targets Rammed 1 | . 1 . . . . Kicked . | . . . . . . Crushed . | . . . . . . Highest Temperature 207 | 40 63 36 3 99 207 Average Temperature 30 | 19 23 13 2 31 88 Received Heat Transfer 669 | . 207 45 12 54 351 Siege Activations . | . . . . . . Robots Corrupted 7 | . . . . 2 5 Combat Hostiles 6 | . . . . 1 5 Parts Fried 13 | . . . . 2 11 Impact Corruptions 17 | . . . . 7 10 Robots Melted . | . . . . . . Combat Hostiles . | . . . . . . Parts Melted 1 | . 1 . . . . Heat Transferred 1100 | 225 850 25 . . . Parts Sabotaged . | . . . . . . Parts Stolen . | . . . . . . Parts Stripped . | . . . . . . Power Chain Reactions . | . . . . . . Alert | -11 -10 -9 -9 -8 -8 ------- Run | Yrd Mat Mat Min Mat Gar Peak Influence 402 | 20 110 114 55 265 402 Initial 172 | . 13 15 40 21 172 Average 66 | 5 31 53 49 131 241 Maximum Alert Level 2 | . . . . 1 2 Low Security (%) 91 | 100 100 100 100 77 40 Level 1 8 | . . . . 22 58 Level 2 . | . . . . . . Level 3 . | . . . . . . Level 4 . | . . . . . . Level 5 . | . . . . . . High Security . | . . . . . . Max Security . | . . . . . . Squads Dispatched 3 | . 1 1 . 1 . Investigation . | . . . . . . Extermination . | . . . . . . Reinforcement 3 | . 1 1 . 1 . Assault . | . . . . . . Garrison . | . . . . . . Intercept . | . . . . . . Searches Triggered . | . . . . . . Construction Impeded . | . . . . . . Haulers Reinforced . | . . . . . . Active Scanning Responses . | . . . . . . Cargo Convoy Interrupts . | . . . . . . Stealth | -11 -10 -9 -9 -8 -8 --------- Run | Yrd Mat Mat Min Mat Gar Distress Signals 6 | . 2 1 . 3 . Communications Jammed . | . . . . . . Distress Signals . | . . . . . . Times Spotted 61 | . 15 6 10 12 18 Peak Tracking Total 10 | . 3 4 10 5 7 Tactical Retreats 8 | . 1 . 1 2 4 Traps | -11 -10 -9 -9 -8 -8 ------- Run | Yrd Mat Mat Min Mat Gar Traps Triggered 3 | . 1 2 . . . Indirectly . | . . . . . . Trap Hack Attempts . | . . . . . . Triggered . | . . . . . . Disarmed . | . . . . . . Reprogrammed . | . . . . . . Reused . | . . . . . . Traps Extracted . | . . . . . . Installed . | . . . . . . Triggered . | . . . . . . Machines | -11 -10 -9 -9 -8 -8 ---------- Run | Yrd Mat Mat Min Mat Gar Machines Disabled . | . . . . . . Max in Single Turn . | . . . . . . Machines Repaired . | . . . . . . Machines Dismantled . | . . . . . . Machines Sabotaged . | . . . . . . Overloaded Fab Kills . | . . . . . . Hacking | -11 -10 -9 -9 -8 -8 --------- Run | Yrd Mat Mat Min Mat Gar Machines Accessed 14 | . 7 2 . 5 . Terminals 11 | . 7 1 . 3 . Fabricators . | . . . . . . Repair Stations 1 | . . . . 1 . Recycling Units . | . . . . . . Scanalyzers 1 | . . 1 . . . Garrison Access 1 | . . . . 1 . Total Hacks 47 | . 23 9 . 15 . Successful 26 | . 12 4 . 10 . Failed 21 | . 11 5 . 5 . Catastrophic 2 | . . 1 . 1 . Database Lockouts . | . . . . . . Manual 31 | . 21 2 . 8 . Terminals 39 | . 23 7 . 9 . Fabricators . | . . . . . . Repair Stations 5 | . . . . 5 . Recycling Units . | . . . . . . Scanalyzers 2 | . . 2 . . . Garrison Access 1 | . . . . 1 . Terminal Hacks 8 | . 2 3 . 3 . Robot Analysis 1 | . . 1 . . . Terminal Index 3 | . 1 1 . 1 . Alert Level 1 | . . . . 1 . Zone Layout 3 | . 1 1 . 1 . Fabricator Hacks . | . . . . . . Repair Station Hacks 3 | . . . . 3 . Scan Component 2 | . . . . 2 . Repair 1 | . . . . 1 . Recycling Unit Hacks . | . . . . . . Scanalyzer 1 | . . 1 . . . Insert Component 1 | . . 1 . . . Garrison Access Hacks 1 | . . . . 1 . Unlock Access 1 | . . . . 1 . Unauthorized Hacks 13 | . 10 . . 3 . Terminals 13 | . 10 . . 3 . Track 2 | . 2 . . . . Assimilate 4 | . 3 . . 1 . Botnet 6 | . 4 . . 2 . Operators 1 | . 1 . . . . Fabricators . | . . . . . . Repair Stations . | . . . . . . Recycling Units . | . . . . . . Scanalyzers . | . . . . . . Garrison Access . | . . . . . . Data Cores Recovered . | . . . . . . Used . | . . . . . . Hacking Detections 12 | . 6 2 . 4 . Full Trace Events 1 | . . . . 1 . Feedback Events . | . . . . . . Feedback Blocked . | . . . . . . Robot Schematics Acquired . | . . . . . . Robots Built . | . . . . . . Authchips . | . . . . . . Time . | . . . . . . Total Robot Build Rating . | . . . . . . Part Schematics Acquired . | . . . . . . Parts Built . | . . . . . . Authchips . | . . . . . . Time . | . . . . . . Total Part Build Rating . | . . . . . . Parts Repaired 1 | . . . . 1 . Time 16 | . . . . 16 . Parts Recycled . | . . . . . . Recycled Matter . | . . . . . . Retrieved Matter . | . . . . . . Retrieved Components . | . . . . . . Parts Scanalyzed 1 | . . 1 . . . Part Schematics Acquired . | . . . . . . Parts Damaged . | . . . . . . Bothacking | -11 -10 -9 -9 -8 -8 ------------ Run | Yrd Mat Mat Min Mat Gar Used RIF Installer 1 | . . . . . 1 Robots Hacked 1 | . . . . 1 . Non-combat 1 | . . . . 1 . Combat . | . . . . . . Robot Hacks Applied 2 | . . . . 2 . no_distress 1 | . . . . 1 . find_station 1 | . . . . 1 . Relay Couplers Released . | . . . . . . Fabnet Peak Effective % . | . . . . . . Robots Rewired . | . . . . . . Allies Hacked . | . . . . . . Hacks Repelled . | . . . . . . Allies | -11 -10 -9 -9 -8 -8 -------- Run | Yrd Mat Mat Min Mat Gar Total Allies 2 | . 1 . . 1 . Largest Group 1 | . 1 . . 1 1 Highest-Rated Group 10 | . 10 . . 10 10 Highest-Rated Ally 10 | . 10 . . 10 10 Total Orders 3 | . . . . . 3 STAY 2 | . . . . . 2 FOLLOW 1 | . . . . . 1 Ally Attacks . | . . . . . . Total Damage . | . . . . . . Kills . | . . . . . . Allies Corrupted . | . . . . . . Allies Melted . | . . . . . . Intel | -11 -10 -9 -9 -8 -8 ------- Run | Yrd Mat Mat Min Mat Gar Robot Analysis Total 1 | . . 1 . . . Derelict Logs Recovered 1 | . . . 1 . . Drone Launches . | . . . . . . Drone Recoveries . | . . . . . . Exploration | -11 -10 -9 -9 -8 -8 ------------- Run | Yrd Mat Mat Min Mat Gar Turns Passed 2997 | 129 2005 113 57 386 307 Spaces Moved 1359 | 77 525 255 174 210 118 Core 8 | 3 . . . 2 3 Treads . | . . . . . . Legs 237 | . 151 . . . 86 Wheels 448 | 74 374 . . . . Hover . | . . . . . . Flight 666 | . . 255 174 208 29 Fastest Speed 26 | 50 80 26 26 26 120 Average Speed 79 | 87 98 26 26 88 164 Slowest Speed 450 | 90 120 106 26 400 450 Overloaded Moves . | . . . . . . Propulsion Burnouts . | . . . . . . Robots Hopped 11 | . . 3 8 . . Cave-ins Triggered . | . . . . . . Exploration Rate (%) 32 | 4 66 26 47 24 26 Regions Visited 5 Branch Regions 1 Pre-discovered Areas 1 | . . . 1 . . Known Exits Taken 1 | . . . . 1 . Unknown Exits Taken 4 | 1 1 1 1 . . Scrap Searched 1 | . . . 1 . . Spaces Dug 7 | . 6 1 . . . Terrain Destroyed 7 | . 6 1 . . . Melee . | . . . . . . Projectile 7 | . 6 1 . . . AOE . | . . . . . . Terrain Rammed . | . . . . . . Walls Destroyed . | . . . . . . Machines Disabled . | . . . . . . Actions | -11 -10 -9 -9 -8 -8 --------- Run | Yrd Mat Mat Min Mat Gar Total 3073 | 106 1943 291 177 374 182 Wait 1506 | . 1323 28 7 115 33 Move 1335 | 76 524 248 159 210 118 Hop 9 | . . 3 6 . . Pick Up 26 | 6 14 2 . 4 . Fast Attach 19 | 7 5 . 1 4 2 Attach 9 | . . 2 1 5 1 Detach 6 | . 1 . 2 3 . Swap 16 | . 6 4 1 4 1 Drop 18 | . 13 2 . 3 . Fire 86 | 17 56 2 . 10 1 Melee 42 | . . . . 16 26 Ram 1 | . 1 . . . . Kick . | . . . . . . Crush . | . . . . . . Escape Stasis . | . . . . . . Rewire . | . . . . . . Trap . | . . . . . . Miscellaneous . | . . . . . . Route ------- -11/Scrapyard -10/Materials (discovered 3 exits: *Mat x2 / [*Min]) -9/Materials (discovered 2 exits: [*Min] / [*Sto]) -9/Mines -8/Materials -8/Garrison History --------- Turn | Location | Event 43 | -11/Scrapyard | Discovered new exit (range 16) 130 | -11/Scrapyard | Entered Materials 302 | -10/Materials | Build established: Mutant 1453 | -10/Materials | Discovered new exit (range 16) 1851 | -10/Materials | Core integrity fell below 50% 1885 | -10/Materials | Lost 3 parts (2n1w) 1978 | -10/Materials | Discovered new exit (range 12) 2088 | -10/Materials | Discovered new exit (range 15) 2135 | -10/Materials | Entered another Materials area 2135 | -9/Materials | Evolved 2 slots: Propulsion x2 2242 | -9/Materials | Discovered new exit (range 13) 2246 | -9/Materials | Discovered new exit (range 11) 2248 | -9/Materials | Entered Mines 2251 | -9/Mines | Assembled infested the area 2275 | -9/Mines | Learned location of Zion (-7) 2302 | -9/Mines | Discovered new exit (range 6) 2305 | -9/Mines | Entered Materials 2305 | -8/Materials | Evolved 2 slots: Utility x2 2550 | -8/Materials | Repaired VTOL Module 2691 | -8/Materials | Identified exit to Garrison 2691 | -8/Materials | Entered Garrison 2691 | -8/Garrison | Accompanied by 1 ally 2725 | -8/Garrison | Triggered checkpoint 2774 | -8/Garrison | System corruption reached 10% 2793 | -8/Garrison | Lost 3 parts (1p1n1u) 2855 | -8/Garrison | Installed Relay Interface Framework 2970 | -8/Garrison | Core integrity fell below 50% 2980 | -8/Garrison | Triggered checkpoint 2991 | -8/Garrison | Core integrity fell below 20% 2997 | -8/Garrison | Triggered checkpoint 2998 | -8/Garrison | Destroyed by D-53 Grenadier with Mini Grenade Launcher Last Messages --------------- 02969_ G-47 Trooper system corrupted by crushing effect. 02972_ G-47 Trooper suffers critical hit (Smash). 02972_ Destroyed Aluminum Leg. 02972_ G-47 Trooper system corrupted by crushing effect. 02973_ G-47 Trooper system terminally corrupted. 02973_ Imp. Heat Sink fried. 02975_ Technician 3a reveals location of Stasis Trap. 02980_ Y-45 Defender suffers critical hit (Smash). 02980_ Technician 3a reveals location of Stasis Trap. 02980_ Beams of light sweep through the air. An alarm sounds. 02982_ Imp. Carbon-fiber Leg destroyed. 02984_ Y-45 Defender destroyed. 02985_ 8ZPZEIC8QHFYE6ZLTOKROXYTQIJKJ> 02991_ Critical hit (Burn: +37). 02994_ Technician 3a reveals location of phase wall. 02995_ Technician 3a reports 0b10 security level has risen to 2. 02995_ Rnf. Ion Engine destroyed. 02996_ Technician 3a reports 0b10 security level has lowered to 1. 02996_ EM Pulse Cannon destroyed. 02997_ Beams of light sweep through the air. An alarm sounds. Map ----- +----------------------------------------------------+ | ###"#########++##????????????????????????????????? | | ??#^#???????# #?????????????????????????????????? | | ###+#########++#?????????????????????????????????? | | ########??????????????????????????? | | ## """"#??????????????????????????? | | "#??????????????????????????? | | ############% %## """"#??????????????????????????? | | ???????????# ########??????????????????????????? | | ???????????# #?????????????????????????????????? | | ???????????# #?????????????????????????????????? | | ???????????# #?????????????????????????????????? | | ???????????# #?????????????????????????????????? | | ???????????# #?????????????????????????????????? | | ???????????# #?????????????????????????????????? | | ???????????# ############??????????????????????? | | ???????????# " % #??????????????????????? | | ???????????# + #??????????????????????? | | ???????????# ### ##### #??????????????????????? | | ???????????#^^^#?# #???# #??????????????????????? | | ???????????# #?# #???# #??????????????????????? | | ???????????# #?# #???# #??????????????????????? | | ???????????# #?# #?### ####+##????????????????? | | ???????????# #?# #?# # #????????????????? | | ???????????# ###+### # ## ##???????????? | | ???????????# Y #???????????? | | ???????????# i @ Y ??????? | | ???????????# d ??????? | | ???????????#######+#### ## ####????????? | | ??????????????????????# #????#???????????? | | ?????????????????????? ^ ???????????????? | | ????????????????????? ^^ ?????????????? | | ????????????????????# ^^ "???????????? | | ????????????????????# ^ "???????????? | | ????????????????????### ## ## #???????????? | | ??????????????????????# #? #? #???????????? | | ?????????????????????? ? ^^?? ???????????? | | ?????????????????????? ? ^^ ?? ??????????? | | ?????????????????????## ? ^^ ??????????????? | | ??????????????????????## #?""""##???????????????? | | ???????????????????????# ???????????????????????? | | ???????????????????????? ???????????????????????? | | ?????????????????????????????????????????????????? | | ?????????????????????????????????????????????????? | | ?????????????????????????????????????????????????? | | ?????????????????????????????????????????????????? | | ?????????????????????????????????????????????????? | | ?????????????????????????????????????????????????? | | ?????????????????????????????????????????????????? | | ?????????????????????????????????????????????????? | | ?????????????????????????????????????????????????? | +----------------------------------------------------+ Best States ------------- Heat Dissipation 31 Energy Generation 14 Energy Capacity 265 Matter Stores 300 Matter Capacity 300 Sight Range 18 Terrain Scan Range 16 Terrain Scan Density 85 Evasion (%) 64 Item Schematics ----------------- None Robot Schematics ------------------ None Fabricated ------------ Nothing Alien Tech Used ----------------- None Achievements -------------- None Challenges ------------ None Game ------ Seed FlightHardenedThrower Manual? 0 Play Time 00:26:08 Cumulative 207.7 hours Start 2024.09.24 @ 20:01:32 End 2024.09.24 @ 20:28:01 Sessions 1 Manual Loads 0 Difficulty Rogue Special Mode None Game No. 320 Rogue 320 Adventurer 0 Explorer 0 Win Type - Total 0 Types 0/0/0/0/0/0/0/0/0 Lore% 31 Gallery% 54 Achievement% 40 Wizard Run 0 Options --------- Layout 0 ASCII 0 Keyboard 0 Movement Mouse Keybinds 0 Fullscreen 1 Font 18/SmallcapsGlow Map View 76x50 Zoom Use 0% Tactical HUD 1 Map Filters NONE Filters NONE Steam 1 RUN: a8e93be1-ce2c-4294-b944-1ca82cc501e3